 Dungeon Crawl Stone Soup version 0.28-a0-674-gdaf460b524 (webtiles) character file.

Game seed: 8068404616727114352

26 bande the Shield-Bearer (level 3, 0/23 HPs)
             Began as a Gargoyle Fighter on Oct 17, 2021.
             Slain by a gnoll (8 damage)
             ... on level 2 of the Dungeon.
             The game lasted 00:00:44 (574 turns).

bande the Shield-Bearer (Gargoyle Fighter)           Turns: 574, Time: 00:00:44

Health: 0/23       AC: 10    Str: 20    XL:     3   Next: 8%
Magic:  3/3        EV:  9    Int:  8    God:
Gold:   7          SH:  4    Dex:  9    Spells: 2/2 levels left

rFire   . . .      SeeInvis .   a - +0 war axe
rCold   . . .      Faith    .   c - +0 buckler
rNeg    + . .      Spirit   .   b - +0 scale mail
rPois   ∞          Reflect  .   (no helmet)
rElec   +          Harm     .   (no cloak)
rCorr   .          Rampage  .   (no gloves)
Will    .....                   (no boots)
Stlth   ..........              (no amulet)
HPRegen 0.07/turn               (no ring)
MPRegen 0.08/turn               (no ring)

@: mighty
A: sickness immunity, AC +3, negative energy resistance 1, electricity
resistance, torment resistance 1, petrification resistance
a: no special abilities


You were on level 2 of the Dungeon.
You visited 1 branch of the dungeon, and saw 2 of its levels.

You collected 7 gold pieces.

Inventory:

Hand Weapons
 a - a +0 war axe (weapon)
Armour
 b - a +0 scale mail (worn)
 c - a +0 buckler (worn)


   Skills:
 + Level 3.5 Fighting
 + Level 1.8 Axes
 + Level 3.4 Armour
 + Level 4.2 Shields


You had 2 spell levels left.
You didn't know any spells.
Your spell library was empty.

Dungeon Overview and Level Annotations

Branches:
Dungeon (2/15)

Altars:


Innate Abilities, Weirdness & Mutations

You are immune to sickness and miasma.
Your stone body is resilient. (AC +3)
You are immune to poison.
You resist negative energy. (rN+)
You are resistant to electric shocks. (rElec)
You are resistant to unholy torment.
You are immune to petrification.


Message History

Found a scroll labelled NURYEGG AXORCH.
Found an escape hatch in the floor.
Found a stone staircase leading up and a stone staircase leading down.
The gnoll hits you from afar with a +0 halberd.
The gnoll hits you with a +0 halberd.
You barely miss the gnoll. You hit the kobold.
You kill the kobold!
The bat completely misses you. The gnoll hits you with a +0 halberd.
The gnoll barely misses you.
You have reached level 2!
You feel very mighty all of a sudden. You block the bat's attack.
The gnoll hits you but does no damage.
The gnoll hits you from afar with a +0 spear.
The bat barely misses you. The gnoll barely misses you.
You block the gnoll's attack.
Things that are here:
a +0 short sword; a stone; a kobold corpse You hit the gnoll.
The gnoll is lightly wounded.
You slash the gnoll!
You kill the gnoll!
You slash the gnoll! The bat barely misses you. The gnoll misses you.
The gnoll hits you but does no damage.
Unknown command.
You closely miss the gnoll.
The gnoll is lightly wounded.
You hit the gnoll.
You kill the gnoll!
Your shield prevents you from hitting the bat.
The bat hits you but does no damage. The bat closely misses you.
The gnoll barely misses you. x2
Your Shields skill increases to level 4!
You have reached level 3!
Your experience leads to an increase in your attributes!
Increase (S)trength, (I)ntelligence, or (D)exterity?
You feel stronger.
Your scale mail prevents you from hitting the gnoll.
The gnoll is lightly wounded.
You miss the bat. The bat hits you but does no damage. x2
The gnoll hits you with a +0 halberd!
You die...

.........# .
.........#
..####........#
............+
..........#
#?.......#
###....<...#
#.....b....#
#....@..>..#
#...)g)....#
#..........#
#.>........#
#..........#
######.##### .#
.#


You could see a gnoll and a bat.

Vanquished Creatures
  2 gnolls (D:2)
  An endoplasm (D:1)
  2 goblins (D:1)
  A ball python (D:1)
  A bat (D:1)
  2 kobolds
9 creatures vanquished.

Notes
Turn   | Place    | Note
-------+----------+-------------------------------------------
     0 | D:1      | bande the Gargoyle Fighter began the quest for the Orb.
     0 | D:1      | Reached XP level 1. HP: 14/14 MP: 1/1
   566 | D:1      | You fall into a shaft and drop 1 floor!
   570 | D:2      | Reached XP level 2. HP: 10/19 MP: 2/2
   574 | D:2      | Reached skill level 4 in Shields
   574 | D:2      | Reached XP level 3. HP: 8/23 MP: 3/3
   574 | D:2      | Slain by a gnoll

Illustrated notes

Levels and vault maps discovered:
D:1:      minmay_arrival_nine_rooms, layout_loops_corners, serial_bayou_pond_d,
          minmay_stone_trees_medium
D:2:      layout_basic

Skill      XL: |  1  2 |
---------------+-------+-----
Shields        | 4 |  4.2
Fighting       | |  3.5
Axes           | |  1.8
Armour         | |  3.4

Action                   || total
-------------------------++-------
Melee: War axe           ||    17
  Use: Potion            ||     1
Armor: Scale mail        ||    16
Dodge: Dodged            ||    14
Block: Buckler           ||     4

Table legend: (Time is in decaauts)
 A = Elapsed time spent in this place.
 B = Non-inter-level travel time spent in this place.
 C = Inter-level travel time spent in this place.
 D = Time resting spent in this place.
 E = Time spent auto-exploring this place.
 F = Levels seen in this place.
 G = Mean time per level.
                   A        B        C        D        E       F      G
               +--------+--------+--------+--------+--------+-----+--------+
         Total |    580 |    580 |      0 |    210 |    312 |   2 |  290.0 |
       Dungeon |    580 |    580 |      0 |    210 |    312 |   2 |  290.0 |
               +--------+--------+--------+--------+--------+-----+--------+

Top non-repeatable levels by time:
     D:1: 571 daAuts
     D:2: 8 daAuts
